AoeStats
← Wildanlor

Golden Pit

510236084Analyzed
1v1 RM · 12h ago on Sep 30, 2026· 29m 8s· 2 players
Game mode
Random Map
Map size
Tiny (2 player)
Population
200
Speed
Normal
Resources
Standard
Victory
Conquest
Starting age
Dark Age
Ending age
Imperial Age
RankedLock teamsTeams togetherTeam positionsShared explorationLock speedFull tech treeHidden civsTurbo modeCheats
Victory
Defeat
🇺🇸 Hindustanis · United States
692
+16
🇨🇳 Cumans · China
683
-16
76561199004763034
11:09 Feudal Age
22:58 Castle Age
23:37 Fletching
24:36 Thumb Ring
Wildanlor
12:04 Feudal Age
10:31 Loom
13:44 Man-at-Arms
14:09 Arson
14:29 Scale Mail Armor
19:46 Castle Age
21:50 Long Swordsman
23:57 Squires
Connection lost

Rejoining the realm…

Still unreachable

The connection could not be restored.

Session expired

The server has moved on; the page needs a fresh start.